 Dungeon Crawl Stone Soup version 0.31-a0-1278-g11c5b68f87 (webtiles) character file.

Game seed: 6402005424014176604

1183 MackTheKnife the Skirmisher (level 8, -5/61 HPs)
             Began as a Black Draconian Hunter on Dec 18, 2023.
             Killed from afar by an orc wizard (7 damage)
             ... with a magic dart
             ... on level 6 of the Dungeon.
             The game lasted 00:06:24 (2840 turns).

MackTheKnife the Skirmisher (DrHu)                  Turns: 2840, Time: 00:06:25

Health: -5/61      AC:  9    Str: 19    XL:     8   Next: 19%
Magic:  8/8        EV: 12    Int: 10    God:
Gold:   40         SH:  0    Dex: 17    Spells: 7/7 levels left

rFire   + . .        a - +0 shortbow {bow}
rCold   + . .        (shield currently unavailable)
rNeg    . . .        (body armour unavailable)
rPois   .            (helmet restricted)
rElec   +            (no cloak)
rCorr   .            c - +2 pair of gloves
SInv    .            (no boots)
Will    .....        j - amulet of faith {!P}
Stlth   ++           h - ring of Feprifiut {rF+ rC+}
HPRegen 0.30/turn    r - +6 ring of strength
MPRegen 0.11/turn

%: faith
@: invisible
A: breathe lightning, AC +6, unfitting armour, electricity resistance,
cold-blooded
a: Breathe Lightning


You were on level 6 of the Dungeon.
You visited 1 branch of the dungeon, and saw 6 of its levels.

You collected 202 gold pieces.
You spent 162 gold pieces at shops.


Innate Abilities, Weirdness & Mutations

You can breathe wild blasts of lightning.
Your glossy black scales are hard. (AC +6)
You cannot fit into any form of body armour.
You are resistant to electric shocks. (rElec)
You are cold-blooded and may be slowed by cold attacks.


   Skills:
 - Level 2.1 Fighting
 + Level 9.7 Ranged Weapons
 - Level 1.7 Dodging
 - Level 0.8 Stealth


You had 7 spell levels left.
You didn't know any spells.
Your spell library contained the following spells:

 Spells                   Type           Power      Damage    Failure   Level
 Wereblood                Tmut           0%         N/A       50%         2
 Irradiate                Conj/Tmut      0%         3d11      100%        5

Inventory:

Hand Weapons
 a - a +0 shortbow (weapon) {bow}
 k - a +2 trident of venom {polearm}
   (You found it on level 3 of the Dungeon)
Armour
 c - a +2 pair of gloves (worn)
   (You found it on level 1 of the Dungeon)
 n - a scarf of shadows
   (You found it on level 3 of the Dungeon)
Jewellery
 d - a ring of protection from cold
   (You found it on level 4 of the Dungeon)
 h - the ring of Feprifiut (left hand) {rF+ rC+}
   (You found it on level 2 of the Dungeon)

   [ring of protection from cold]

   rF+:       It protects you from fire.
   rC+:       It protects you from cold.
 j - an amulet of faith (around neck) {!P}
   (You found it on level 2 of the Dungeon)
 r - a +6 ring of strength (right hand)
   (You found it on level 5 of the Dungeon)
 s - an amulet of magic regeneration {@e2}
   (You found it on level 5 of the Dungeon)
Scrolls
 b - a scroll of butterflies
 e - a scroll of teleportation {@r4}
 f - a scroll of enchant armour
 l - 3 scrolls of vulnerability {!r!r}
 m - a scroll of enchant weapon {unknown}
 o - a scroll of revelation {unknown}
 t - a scroll of poison {unknown}
 u - a scroll of fear {unknown}
 v - a scroll of brand weapon {unknown}
 w - a scroll of blinking {unknown}
Potions
 g - 3 potions of brilliance
 p - 2 potions of invisibility
 q - a potion of mutation {!q}

Dungeon Overview and Level Annotations

Branches:
Dungeon (6/15) Zot: 26520
 Temple: D:4-7

Altars:
Cheibriados
Nemelex Xobeh
Trog
Vehumet

Shops:
D:6

?=*
#.........โ‰ˆยง#####
#.......##..#..##
.#....>###.<....#
##......##.....##
.#.............#
..#........#..##
..#....#(..#.####
..#.)...........##
.#.......[....)o@###
##.....>......#.{..#
.#............#...##
.......#....##..##
#...........#######
#...........#.....#
.#..........#.#.#.#
##..........#..โˆฉ..#
.#..........#.#.#.#


You could see an orc priest (unable to see you).


Message History

You take 8 damage, and now have 41/61 hp.
Unknown command.
The orc priest miscasts a cantrip. ๐Ÿ˜ฎ HP[+1]
The orc wizard shouts!
The orc priest invokes the aid of Beogh against you.
Pain shoots through your body!
The orc wizard casts a spell.
The orc wizard flickers and vanishes!
Deactivating autopickup; reactivate with Ctrl-A. ๐Ÿ˜ฎ HP[-9]
You take 9 damage, and now have 33/61 hp.
You aren't carrying any items that you can evoke.
Unknown command.
You fade into invisibility! ๐Ÿ˜ฎ HP[+1] Fire: a) +0 shortbow {bow}
Press: ? - help, Shift-Dir - straight line, f - orc
Aim: an orc, wielding a +0 club (unable to see you, 65% to hit)
You shoot an arrow. The arrow hits the orc!
You kill the orc!
Fire: a) +0 shortbow {bow}
Press: ? - help, Shift-Dir - straight line, f - you That would be overly suicidal.
Fire: a) +0 shortbow {bow}
Press: ? - help, Shift-Dir - straight line, f - you That would be overly suicidal.
Unknown command.
A puff of flame appears from out of thin air!
The puff of flame hits the orc priest!
Fire: a) +0 shortbow {bow}
Press: ? - help, Shift-Dir - straight line, f - orc priest
Aim: an orc priest, wielding a +0 short sword (heavily wounded, wandering, unable to see you, hasn't noticed you, 65% to hit)
You shoot an arrow. The orc priest shouts!
The arrow hits the orc priest.
Fire: a) +0 shortbow {bow}
Press: ? - help, Shift-Dir - straight line, f/p - orc priest
Aim: an orc priest, wielding a +0 short sword (severely wounded, unable to see you, 65% to hit)
You shoot an arrow. The arrow hits the orc priest.
The orc priest invokes the aid of Beogh against you.
Beogh smites you!
* * * LOW HITPOINT WARNING * * *
Fire: a) +0 shortbow {bow}
Press: ? - help, Shift-Dir - straight line, f/p - orc priest
Aim: an orc priest, wielding a +0 short sword (severely wounded, unable to see you, 65% to hit)
You shoot an arrow. The arrow hits the orc priest!
You kill the orc priest!
Fire: a) +0 shortbow {bow}
Press: ? - help, Shift-Dir - straight line, f - orc priest
Aim: an orc priest, wielding a +0 hand axe and wearing a +0 leather armour (unable to see you, 65% to hit)
You shoot an arrow.
The arrow hits the orc priest but does no damage. ๐Ÿ˜จ HP[-13]
You take 13 damage, and now have 21/61 hp.
MASSIVE DAMAGE!! (PAUSE) Fire: a) +0 shortbow {bow}
Press: ? - help, Shift-Dir - straight line, f/p - orc priest
Aim: an orc priest, wielding a +0 hand axe and wearing a +0 leather armour (unable to see you, 65% to hit)
You shoot an arrow. The arrow hits the orc priest.
The orc priest calls down the wrath of Beogh upon you.
Pain shoots through your body!
* * * LOW HITPOINT WARNING * * *
Fire: a) +0 shortbow {bow}
Press: ? - help, Shift-Dir - straight line, f/p - orc priest
Aim: an orc priest, wielding a +0 hand axe and wearing a +0 leather armour (lightly wounded, unable to see you, 65% to hit)
You shoot an arrow.
The arrow hits the orc priest but does no damage. ๐Ÿ˜ฑ HP[-11]
You take 11 damage, and now have 10/61 hp.
Fire: a) +0 shortbow {bow}
Press: ? - help, Shift-Dir - straight line, f/p - orc priest
Aim: an orc priest, wielding a +0 hand axe and wearing a +0 leather armour (lightly wounded, unable to see you, 65% to hit)
You shoot an arrow. The arrow hits the orc priest.
The orc priest invokes the aid of Beogh against you.
Beogh smites you!
* * * LOW HITPOINT WARNING * * *
๐Ÿ˜ฑ HP[-9]
You take 9 damage, and now have 1/61 hp.
Fire: a) +0 shortbow {bow}
Press: ? - help, Shift-Dir - straight line, f/p - orc priest
Aim: an orc priest, wielding a +0 hand axe and wearing a +0 leather armour (heavily wounded, unable to see you, 65% to hit)
You shoot an arrow. The arrow hits the orc priest.
Fire: a) +0 shortbow {bow}
Press: ? - help, Shift-Dir - straight line, f/p - orc priest
Aim: an orc priest, wielding a +0 hand axe and wearing a +0 leather armour (severely wounded, wandering, unable to see you, hasn't noticed you, 65% to hit)
You shoot an arrow.
The arrow hits the orc priest but does no damage.
The orc priest shouts!
You hear a shout!
Something hits you but does no damage. ๐Ÿ˜ฑ HP[+1] Fire: a) +0 shortbow {bow}
Press: ? - help, Shift-Dir - straight line, f/p - orc priest
Aim: an orc priest, wielding a +0 hand axe and wearing a +0 leather armour (severely wounded, unable to see you, 65% to hit)
You shoot an arrow.
The arrow closely misses the orc priest.
You hear some strange, mumbled words.
A magic dart appears from out of thin air!
The magic dart hits you!
You die...

Skill      XL: |  1  2  3  4  5  6  7 |
---------------+----------------------+-----
Ranged Weapons | 4 5 6 7 9 |  9.7
Fighting       | |  2.1
Dodging        | |  1.7
Stealth        | |  0.8

Action                     |  1- 3 |  4- 6 |  7- 9 || total
---------------------------+-------+-------+-------++-------
   Fire: Shortbow          |    77 |   115 |   170 ||   362
Ability: Breathe Lightning |       |       |     2 ||     2
    Use: Scroll            |       |     3 |     8 ||    11
         Potion            |       |       |     2 ||     2
 Armour: Skin              |    23 |    27 |    58 ||   108
  Dodge: Dodged            |    12 |    28 |    69 ||   109

Levels and vault maps discovered:
D:1:      dpeg_arrival_central, layout_rooms
D:2:      layout_loops_ring, minmay_misc_feat_rugged, uniq_robin
D:3:      layout_loops_cross, lemuel_coloured_pillars_altar,
          mainiacjoe_overflow_cross_hatched, hangedman_glass_teeth,
          dk_noncrumbling_3, minmay_hedge_maze, grunt_ministairs_14,
          minmay_strange_pillars, kennysheep_another_room
D:4:      layout_basic, nicolae_vehumet_altar_sigil, kennysheep_slug_shrine,
          sigmund_edmund_badplayer
D:5:      layout_basic, grunt_ministairs_14
D:6:      nicolae_cairo_tiling, layout_cave_pools, lightli_temple_of_fire,
          serial_shops, shop, kennysheep_little_box, shop

Notes
Turn   | Place    | Note
-------+----------+-------------------------------------------
     0 | D:1      | MackTheKnife the Draconian Hunter began the quest for the
                  | Orb.
     0 | D:1      | Reached XP level 1. HP: 17/17 MP: 1/1
     0 | D:1      | magus.rc [v1.9.6]
   138 | D:1      | Reached skill level 4 in Ranged Weapons
   177 | D:1      | Reached XP level 2. HP: 24/24 MP: 2/2
   534 | D:2      | Identified the ring of Feprifiut {rF+ rC+}
   589 | D:3      | Found a sparkling altar of Nemelex Xobeh.
   602 | D:3      | Reached XP level 3. HP: 25/25 MP: 3/3
   625 | D:3      | Reached skill level 5 in Ranged Weapons
   755 | D:3      | Reached XP level 4. HP: 35/36 MP: 4/4
   939 | D:4      | Noticed a scorpion
   965 | D:4      | Noticed an ogre
  1174 | D:4      | Killed a scorpion
  1175 | D:4      | Reached XP level 5. HP: 25/41 MP: 5/5
  1183 | D:4      | Found a snail-covered altar of Cheibriados.
  1255 | D:4      | Reached skill level 6 in Ranged Weapons
  1305 | D:4      | Killed an ogre
  1330 | D:4      | Reached XP level 6. HP: 48/48 MP: 6/6
  1402 | D:4      | Found a radiant altar of Vehumet.
  1461 | D:4      | Reached skill level 7 in Ranged Weapons
  1555 | D:5      | Entered Level 5 of the Dungeon
  1651 | D:5      | Your scales start taking on a glossy black colour.
  1651 | D:5      | Reached XP level 7. HP: 55/55 MP: 7/7
  1651 | D:5      | Gained mutation: You are resistant to electric shocks.
                  | (rElec) [Black Draconian growth]
  1839 | D:5      | You pick up a book of Changes and begin reading...
  1839 | D:5      | You add the spells Wereblood and Irradiate to your library.
  1963 | D:5      | Reached skill level 8 in Ranged Weapons
  2384 | D:6      | Reached skill level 9 in Ranged Weapons
  2384 | D:6      | Found a bloodstained altar of Trog.
  2393 | D:6      | Found Seyg Eha's Magic Scroll Emporium.
  2414 | D:6      | Bought a scroll of teleportation for 33 gold pieces
  2414 | D:6      | Bought 3 scrolls of identify for 66 gold pieces
  2480 | D:6      | Reached XP level 8. HP: 44/61 MP: 8/8
  2492 | D:6      | HP: 15/61 [kobold brigand/+0 short sword (5)]
  2497 | D:6      | HP: 9/61 [poisoned by a kobold brigand (curare-tipped
                  | dart)]
  2689 | D:6      | Found Qaalyut's Assorted Antiques.
  2694 | D:6      | Bought a scroll labelled COTONY BILUO for 21 gold pieces
  2694 | D:6      | Bought a scroll labelled DEWNEU TAEDUTU for 21 gold pieces
  2694 | D:6      | Bought a scroll labelled MIEWECL REIPU for 21 gold pieces
  2824 | D:6      | Found Udoakudgh's Jewellery Boutique.
  2835 | D:6      | HP: 10/61 [orc priest/nerve-wracking pain (12)]
  2837 | D:6      | HP: 1/61 [orc priest/divine providence (9)]
  2840 | D:6      | Killed from afar by an orc wizard

Vanquished Creatures
  A water moccasin (D:5)
  2 black bears
  An ice beast (D:5)
  2 ogres (D:4)
  2 scorpions (D:4)
  3 jellies
  A howler monkey (D:5)
  A hound (D:3)
  3 orc priests (D:6)
  5 iguanas
  An orc wizard (D:4)
  4 adders
  A white imp (D:6)
  4 dart slugs
  13 orcs
  5 ball pythons
  2 endoplasms
  3 giant cockroaches
  3 goblins
  4 hobgoblins
  6 kobolds
  3 quokkas
  4 bats
  3 frilled lizards
  2 rats
79 creatures vanquished.

Table legend:
 A = Non-vault XP
 B = Vault XP
 C = Vault XP percentage of total XP
 D = Non-vault monster count
 E = Vault monster count
 F = Vault count percentage of total count
                 A         B        C        D         E       F
            +---------+---------+-------+---------+---------+-------
      Total |    1525 |     166 |   9.8 |      70 |       9 |  11.4
            +---------+---------+-------+---------+---------+-------
        D:1 |      22 |       0 |   0.0 |      11 |       0 |   0.0
        D:2 |      18 |       0 |   0.0 |      10 |       0 |   0.0
        D:3 |      68 |      14 |  17.1 |      12 |       2 |  14.3
        D:4 |     573 |       4 |   0.7 |      14 |       1 |   6.7
        D:5 |     383 |     148 |  27.9 |       7 |       6 |  46.2
        D:6 |     461 |       0 |   0.0 |      16 |       0 |   0.0
            +---------+---------+-------+---------+---------+-------

Skill      XL: |  1  2  3  4  5  6  7 |
---------------+----------------------+-----
Ranged Weapons | 4 5 6 7 9 |  9.7
Fighting       | |  2.1
Dodging        | |  1.7
Stealth        | |  0.8

Action                     |  1- 3 |  4- 6 |  7- 9 || total
---------------------------+-------+-------+-------++-------
   Fire: Shortbow          |    77 |   115 |   170 ||   362
Ability: Breathe Lightning |       |       |     2 ||     2
    Use: Scroll            |       |     3 |     8 ||    11
         Potion            |       |       |     2 ||     2
 Armour: Skin              |    23 |    27 |    58 ||   108
  Dodge: Dodged            |    12 |    28 |    69 ||   109

Illustrated notes

Table legend:
 A = Kills in this place as a percentage of kills in the entire game.
 B = Kills by you in this place as a percentage of kills by you in the entire game.
 C = Kills by friends in this place as a percentage of kills by friends in the entire game.
 D = Other kills in this place as a percentage of other kills in the entire game.
 E = Experience gained in this place as a percentage of experience gained in the entire game.
 F = Experience gained in this place divided by the number of levels of this place that you have seen.
                   A       B       C       D       E      F
               +-------+-------+-------+-------+-------+----------------------
         Total | 100.0 | 100.0 |   N/A |   N/A | 100.0 | 281.8
       Dungeon | 100.0 | 100.0 |   N/A |   N/A | 100.0 | 281.8
               +-------+-------+-------+-------+-------+----------------------

Table legend: (Time is in decaauts)
 A = Elapsed time spent in this place.
 B = Non-inter-level travel time spent in this place.
 C = Inter-level travel time spent in this place.
 D = Time resting spent in this place.
 E = Time spent auto-exploring this place.
 F = Levels seen in this place.
 G = Mean time per level.
                   A        B        C        D        E       F      G
               +--------+--------+--------+--------+--------+-----+--------+
         Total |   2863 |   2744 |    119 |    165 |   1610 |   6 |  477.2 |
       Dungeon |   2863 |   2744 |    119 |    165 |   1610 |   6 |  477.2 |
               +--------+--------+--------+--------+--------+-----+--------+

Top non-repeatable levels by time:
     D:5: 805 daAuts
     D:3: 579 daAuts
     D:6: 478 daAuts
     D:4: 400 daAuts
     D:1: 393 daAuts
     D:2: 205 daAuts
